 Dungeon Crawl Stone Soup version 0.30.1-4-g462c640d31 (webtiles) character file.

Game seed: 10888326234007321287

148 Almogavar the Trooper (level 5, -13/42 HPs)
             Began as a Human Fighter on Sept 7, 2023.
             Mangled by a gnoll sergeant
             ... wielding a +1 spear of venom
              (14 damage)
             ... on level 3 of the Dungeon.
             The game lasted 00:04:02 (2067 turns).

Almogavar the Trooper (Human Fighter)               Turns: 2067, Time: 00:04:02

Health: -13/42     AC:  6    Str: 19    XL:     5   Next: 56%
Magic:  5/5        EV:  9    Int:  8    God:
Gold:   93         SH:  5    Dex: 12    Spells: 4/4 levels left

rFire   . . .        a - +0 long sword
rCold   . . .        c - +1 buckler
rNeg    . . .        b - +0 scale mail
rPois   .            (no helmet)
rElec   .            (no cloak)
rCorr   .            (no gloves)
SInv    .            (no boots)
Will    .....        (no amulet) Stlth
                     (no ring)
HPRegen 0.27/turn    (no ring)
MPRegen 0.09/turn

%: no passive effects
@: lethally poisoned (-13 -> -28)
A: no striking features
a: no special abilities


You were on level 3 of the Dungeon.
You visited 1 branch of the dungeon, and saw 3 of its levels.

You collected 93 gold pieces.

Inventory:

Hand Weapons
 a - a +0 long sword (weapon)
Armour
 b - a +0 scale mail (worn)
 c - a +1 buckler (worn)
Scrolls
 e - a scroll of enchant armour
 g - a scroll of fear {unknown}
 h - a scroll of enchant weapon {unknown}
 i - a scroll of vulnerability {unknown}
 l - a scroll of identify {unknown}
Potions
 d - a potion of might
 f - 3 potions of brilliance {unknown}
 j - a potion of attraction {unknown}
 k - 3 potions of curing {unknown}
 m - 2 potions of magic {unknown}
 n - a potion of degeneration {unknown}
 o - a potion of berserk rage {unknown}


   Skills:
 + Level 3.9 Fighting
 + Level 3.3 Long Blades
 + Level 3.6 Armour
 + Level 0.4 Dodging
 + Level 3.8 Shields


You had 4 spell levels left.
You didn't know any spells.
Your spell library contained the following spells:

 Spells                   Type           Power      Damage    Failure   Level
 Ensorcelled Hibernation  Hex/Ice        0%         N/A       94%         2
 Spider Form              Tmut/Pois      0%         N/A       99%         3
 Anguish                  Hex/Necr       0%         N/A       100%        4


Dungeon Overview and Level Annotations

Branches:
Dungeon (3/15)

Altars:
Trog


Message History

You now have 93 gold pieces (gained 14).
m - 2 brown potions (gained 1)
Found an escape hatch in the ceiling.
The gnoll sergeant shouts!
A gnoll sergeant is nearby!
The gnoll sergeant hits you with a +1 spear of venom.
You are poisoned.
You barely miss the gnoll sergeant.
You feel very sick.
The gnoll sergeant hits you but does no damage.
You closely miss the gnoll sergeant.
You feel sick. You block the gnoll sergeant's attack.
You slash the gnoll sergeant!
The gnoll sergeant is moderately wounded.
You feel sick. You block the gnoll sergeant's attack.
The gnoll sergeant barely misses you.
You hit the gnoll sergeant.
The gnoll sergeant is heavily wounded.
You feel sick.
The gnoll sergeant hits you with a +1 spear of venom.
You are more poisoned.
You hit the gnoll sergeant.
The gnoll sergeant is heavily wounded.
You feel very sick.
The gnoll sergeant hits you with a +1 spear of venom!
You are lethally poisoned!
You are too injured to fight recklessly!
You are too injured to fight recklessly!
You are too injured to fight recklessly!
You slash the gnoll sergeant!
The gnoll sergeant is almost dead.
* * * LOW HITPOINT WARNING * * *
You feel extremely sick. The gnoll sergeant closely misses you.
The gnoll sergeant barely misses you.
You hit the gnoll sergeant but do no damage.
The gnoll sergeant is almost dead.
* * * LOW HITPOINT WARNING * * *
You feel extremely sick.
The gnoll sergeant hits you with a +1 spear of venom!
You die...

.........###....##..##
..............#.# ..#
..#<.#........#... #
...#.#........#..#..#
..............#.## ...
..............#.# .#.
..>...........#.# .#
...............g###.#
..........#.....@...###..
............#............
#.##........##.##........
#...........#............
##..............#........
#..#....................
.................##..#..#
###.#.......#............
#.#.......###..........


You could see a gnoll sergeant.

Vanquished Creatures
  Jessica (D:3)
  Terence (D:3)
  Ijyb (D:3)
  An adder (D:2)
  3 gnolls
  A worm (D:2)
  An orc (D:3)
  3 endoplasms
  A goblin (D:2)
  6 hobgoblins
  2 jackals (D:2)
  A quokka (D:2)
  2 frilled lizards (D:2)
  A kobold (D:1)
  11 rats
36 creatures vanquished.

Notes
Turn   | Place    | Note
-------+----------+-------------------------------------------
     0 | D:1      | Almogavar the Human Fighter began the quest for the Orb.
     0 | D:1      | Reached XP level 1. HP: 18/18 MP: 1/1
   105 | D:1      | Found a faded altar of an unknown god.
   397 | D:1      | Reached XP level 2. HP: 24/24 MP: 2/2
   870 | D:2      | Found a bloodstained altar of Trog.
  1249 | D:2      | Reached XP level 3. HP: 22/29 MP: 3/3
  1683 | D:3      | Noticed a gnoll sergeant
  1770 | D:2      | Reached XP level 4. HP: 34/35 MP: 4/4
  1778 | D:3      | Noticed Terence
  1784 | D:3      | Noticed Jessica
  1787 | D:3      | Killed Terence
  1791 | D:3      | Killed Jessica
  1792 | D:3      | Reached XP level 5. HP: 34/41 MP: 5/5
  1821 | D:3      | Noticed Ijyb
  1848 | D:3      | Paralysed by Ijyb for 3 turns
  1852 | D:3      | Killed Ijyb
  2067 | D:3      | HP: 1/42 [poisoned by a gnoll sergeant]
  2067 | D:3      | Mangled by a gnoll sergeant

Illustrated notes

Levels and vault maps discovered:
D:1:      dpeg_arrival_ratfight, layout_basic,
          hellmonk_ecumenical_altar_lost_god, minmay_misc_feat_columns,
          hex_large, minmay_misc_feat_tiny
D:2:      layout_loops_corners, basic_altar
D:3:      layout_rooms, serial_shops, shop, corexii_item_surrounded_by_moat,
          minmay_strange_pillars, nrook_campfire, uniq_terence, uniq_jessica,
          uniq_ijyb

Skill      XL: |  1  2  3  4  5 |
---------------+----------------+-----
Long Blades    | 3 |  3.3
Fighting       | |  3.9
Armour         | |  3.6
Dodging        | |  0.4
Shields        | |  3.8

Action                     |  1- 3 |  4- 6 || total
---------------------------+-------+-------++-------
  Melee: Long sword        |    83 |    53 ||   136
    Use: Scroll            |     1 |       ||     1
 Armour: Scale mail        |    23 |    12 ||    35
  Dodge: Dodged            |    36 |    25 ||    61
  Block: Buckler           |    18 |    16 ||    34
